 Dungeon Crawl Stone Soup version 0.30-a0-711-gf4ac18a38d (webtiles) character file.

Game seed: 1511095797027500103

12455 inmateoo the Basher (level 11, -7/86 HPs)
             Began as a Demonspawn Fighter on Jan 22, 2023.
             Was the Champion of Okawaru.
             Mangled by Snorg (18 damage)
             ... on level 12 of the Dungeon.
             The game lasted 00:10:08 (10018 turns).

inmateoo the Basher (Demonspawn Fighter)           Turns: 10018, Time: 00:10:09

Health: -7/86      AC: 20    Str: 18    XL:     11   Next: 62%
Magic:  17/17      EV:  8    Int:  9    God:    Okawaru [******]
Gold:   1036       SH: 11    Dex: 16    Spells: 10/10 levels left

rFire   + + .      SeeInvis +    x - +6 flail "Zuavuj" {speed, rF++ Stlth-}
rCold   + . .      Faith    .    c - +0 buckler
rNeg    . . .      Spirit   .    G - +2 plate armour {rC+}
rPois   .          Reflect  +    D - +0 helmet
rElec   .          Harm     .    m - +0 cloak
rCorr   .          Rampage  .    (gloves unavailable)
Will    .....                    (no boots) Stlth
                                 k - amulet of reflection
HPRegen 0.34/turn                q - ring of see invisible
MPRegen 0.15/turn                (no ring)

@: no status effects
A: claws 3, thin metallic scales 2, ignite blood 1
a: Renounce Religion, Heroism, Finesse, Duel


You were on level 12 of the Dungeon.
You worshipped Okawaru.
Okawaru was exalted by your worship.
You visited 1 branch of the dungeon, and saw 11 of its levels.

You collected 1036 gold pieces.

Inventory:

Hand Weapons
 g - a +3 heavy flail
 x - the +6 flail "Zuavuj" (weapon) {speed, rF++ Stlth-}
   (You found it on level 6 of the Dungeon)

   rF:        It greatly protects you from fire.
   Stlth:     It makes you less stealthy.
Missiles
 J - a throwing net (quivered)
Armour
 c - a +0 buckler (worn)
 m - a +0 cloak (worn)
 D - a +0 helmet (worn)
 G - a +2 plate armour of cold resistance (worn)
Jewellery
 k - an amulet of reflection (around neck)
 q - a ring of see invisible (left claw)
 u - a ring of fire
 E - a ring of ice
Wands
 d - a wand of flame (16)
 t - a wand of quicksilver (9)
 y - a wand of mindburst (14)
Scrolls
 a - 2 scrolls of blinking
 e - 5 scrolls of teleportation
 h - 6 scrolls of immolation
 i - a scroll of magic mapping
 l - a scroll of identify
 n - a scroll of amnesia
 w - 2 scrolls of fear
 F - a scroll of fog
Potions
 b - 2 potions of degeneration {unknown}
 f - 3 potions of curing
 j - 2 potions of lignification
 o - 3 potions of cancellation {unknown}
 p - 3 potions of haste
 r - 2 potions of heal wounds {unknown}
 v - a potion of flight
 z - a potion of brilliance {unknown}
 C - a potion of might
 H - a potion of mutation


   Skills:
 + Level 7.9 Fighting
 * Level 9.5 Maces & Flails
 + Level 7.0 Armour
 + Level 6.5 Dodging
 + Level 7.2 Shields
 + Level 8.6 Invocations


You had 10 spell levels left.
You didn't know any spells.
Your spell library contained the following spells:

 Spells                   Type           Power      Damage    Failure   Level
 Magic Dart               Conj           0%         1d3       100%        1
 Lesser Beckoning         Tloc           0%         N/A       100%        2
 Gell's Gravitas          Tloc           0%         N/A       100%        3
 Inner Flame              Hex/Fire       0%         N/A       100%        3
 Mephitic Cloud           Conj/Pois/Air  0%         N/A       100%        3
 Portal Projectile        Hex/Tloc       0%         N/A       100%        3
 Teleport Other           Tloc           0%         N/A       100%        3
 Flame Wave               Conj/Fire      0%         2d4       100%        4
 Leda's Liquefaction      Hex/Erth       0%         N/A       100%        4
 Sticky Flame             Conj/Fire      0%         2d3       100%        4
 Call Imp                 Summ           Unusable   N/A       N/A         2
 Call Canine Familiar     Summ           Unusable   N/A       N/A         3

Dungeon Overview and Level Annotations

Branches:
Dungeon (12/15)            Temple (0/1) D:7            Lair (0/5) D:8
    Orc: D:9-12

Altars:
Hepliaklqana
Nemelex Xobeh
Okawaru
Ru
Trog
Uskayaw
Vehumet
Xom
Yredelemnul

Shops:
D:1 =   D:4 :   D:7 (

Annotations:
D:12 Snorg


Innate Abilities, Weirdness & Mutations

You have claws for hands.
You are mostly covered in thin metallic scales. (AC +3)
Your demonic aura sometimes causes spilled blood to erupt in flames.


Message History

You are too injured to fight recklessly!
You are too injured to fight recklessly!
You are too injured to fight recklessly!
You are too injured to fight recklessly!
You are too injured to fight recklessly!
You are too injured to fight recklessly!
You are too injured to fight recklessly!
You are too injured to fight recklessly!
You are too injured to fight recklessly!
You are too injured to fight recklessly!
Unknown command.
Snorg is engulfed in blazing flames.
You block Snorg's attack. Snorg claws you! Snorg barely misses you.
Snorg is engulfed in blazing flames.
You see here a yak corpse.
You closely miss Snorg.
Snorg is heavily wounded.
You block Snorg's attack. Snorg claws you but does no damage.
You block Snorg's attack.
The yak is engulfed in blazing flames.
You are too injured to fight recklessly!
You sock Snorg!
Snorg is severely wounded.
Snorg barely misses you. You block Snorg's attack. Snorg claws you!
* * * LOW HITPOINT WARNING * * *
You are too injured to fight recklessly!
You hit Snorg.
Snorg is severely wounded.
The yak is engulfed in blazing flames.
You block Snorg's attack. x2
Snorg barely misses you.
Okay, then.
Aiming: Quicksilver Bolt
Press: ? - help, Shift-Dir - straight line, f - Snorg
Aim: Snorg (severely wounded, berserk, 71% to hit)
The bolt of dispelling energy hits Snorg!!
Snorg is severely wounded.
The bolt of dispelling energy misses the yak.
The bolt of dispelling energy hits the yak!
The yak is moderately wounded.
Snorg bites you!!
You die...

### #.. ## ######### #.#
#. ........# #.#
######.###########.#####.#
......YYT@......[.......>.
....#.†################...
. #.. #... #.# #... ..
#... ... #... ##. #... #.
##+#


You could see Snorg (berserk) and 2 yaks.

Vanquished Creatures
  2 two-headed ogres
  Erica (D:8)
  The ghost of Leeroy the Fencer, a novice MfMo of Nemelex Xobeh (D:8)
  Pikel (D:5)
  An ugly thing (D:9)
  An unseen horror (D:8)
  A kobold demonologist (D:9)
  A hornet (D:9)
  Sigmund (D:3)
  A slime creature (D:9)
  4 wyverns
  2 basilisks (D:8)
  13 yaks
  A steam dragon (D:9)
  Edmund (D:4)
  Duvessa (D:5)
  8 water moccasins
  An orc warrior (D:8)
  4 sky beasts
  3 ice beasts
  3 centaurs
  4 phantoms
  6 bullfrogs
  4 necrophages
  4 gnoll sergeants
  4 scorpions
  4 wights
  Dowan (D:5)
  8 killer bees (D:9)
  6 howler monkeys
  4 orc priests
  8 hounds
  2 jellies (D:6)
  4 iguanas
  5 orc wizards
  A killer bee simulacrum (D:8)
  12 adders
  23 gnolls
  2 white imps (D:7)
  3 worms (D:2)
  4 dart slugs
  25 orcs
  6 ball pythons
  5 bats
  7 endoplasms
  3 giant cockroaches (D:2)
  10 goblins
  9 hobgoblins
  5 jackals (D:2)
  3 quokkas
  10 frilled lizards
  6 kobolds
  4 rats
254 creatures vanquished.

Vanquished Creatures (others)
  A fungus (D:8)
  17 plants (D:8)
18 creatures vanquished.

Grand Total: 272 creatures vanquished

Notes
Turn   | Place    | Note
-------+----------+-------------------------------------------
     0 | D:1      | inmateoo the Demonspawn Fighter began the quest for the
                  | Orb.
     0 | D:1      | Reached XP level 1. HP: 18/18 MP: 1/1
   137 | D:1      | Reached skill level 2 in Maces & Flails
   275 | D:1      | Gained mutation: You have sharp fingernails. [demonic
                  | ancestry]
   275 | D:1      | Reached XP level 2. HP: 24/24 MP: 2/2
   693 | D:1      | Found Meonerir's Jewellery Emporium.
  1055 | D:2      | Reached XP level 3. HP: 27/29 MP: 3/3
  1347 | D:2      | Reached skill level 1 in Dodging
  1381 | D:2      | Found a faded altar of an unknown god.
  1436 | D:2      | Gained mutation: Your demonic aura sometimes causes spilled
                  | blood to erupt in flames. [demonic ancestry]
  1436 | D:2      | Reached XP level 4. HP: 25/35 MP: 4/4
  1662 | D:2      | Reached skill level 3 in Maces & Flails
  1708 | D:2      | Found an iron altar of Okawaru.
  2070 | D:2      | Became a worshipper of Warmaster Okawaru
  2097 | D:3      | Reached XP level 5. HP: 41/41 MP: 5/5
  2492 | D:3      | Noticed Sigmund
  2516 | D:3      | Killed Sigmund
  2517 | D:3      | Reached XP level 6. HP: 11/48 MP: 6/6
  3355 | D:4      | Reached skill level 4 in Maces & Flails
  3567 | D:4      | Reached skill level 1 in Invocations
  3770 | D:4      | Found Iniof Leso's Vocational Training.
  3853 | D:4      | Found a shimmering altar of Xom.
  3884 | D:4      | Gained mutation: You are partially covered in thin metallic
                  | scales. (AC +2) [demonic ancestry]
  3884 | D:4      | Reached XP level 7. HP: 32/54 MP: 7/7
  3990 | D:4      | Reached * piety under Okawaru
  4414 | D:5      | Entered Level 5 of the Dungeon
  4414 | D:5      | Noticed Edmund
  4447 | D:4      | Killed Edmund
  4448 | D:4      | Reached skill level 5 in Maces & Flails
  4448 | D:4      | Gained mutation: You have very sharp fingernails. [demonic
                  | ancestry]
  4448 | D:4      | Reached XP level 8. HP: 42/61 MP: 8/10
  4593 | D:5      | Found a radiant altar of Vehumet.
  4763 | D:5      | Noticed Pikel
  4771 | D:5      | Killed Pikel
  4771 | D:5      | Reached ** piety under Okawaru
  4772 | D:5      | Reached skill level 5 in Fighting
  5012 | D:5      | Reached skill level 6 in Maces & Flails
  5061 | D:5      | Noticed Duvessa
  5061 | D:5      | Noticed Dowan
  5066 | D:5      | Killed Duvessa
  5075 | D:5      | Killed Dowan
  5076 | D:5      | Reached skill level 5 in Shields
  5076 | D:5      | Gained mutation: You have claws for hands. [demonic
                  | ancestry]
  5076 | D:5      | Reached XP level 9. HP: 50/68 MP: 12/12
  5531 | D:6      | Reached *** piety under Okawaru
  5562 | D:6      | Reached skill level 5 in Armour
  5628 | D:6      | Reached skill level 5 in Invocations
  5941 | D:6      | Found a sparkling altar of Nemelex Xobeh.
  5950 | D:6      | Found a hide-covered altar of Uskayaw.
  6088 | D:6      | Identified the +6 flail "Zuavuj" {speed, rF++ Stlth-}
  6262 | D:6      | Found a bloodstained altar of Trog.
  6574 | D:7      | Reached skill level 7 in Maces & Flails
  6602 | D:7      | Identified the +7 spear of Ynipyl {speed, *Corrode rElec
                  | MP+9 Dex+3}
  6607 | D:7      | Found a staircase to the Ecumenical Temple.
  6645 | D:6      | Reached **** piety under Okawaru
  7104 | D:7      | Gained mutation: You are mostly covered in thin metallic
                  | scales. (AC +3) [demonic ancestry]
  7104 | D:7      | Reached XP level 10. HP: 73/77 MP: 14/14
  7303 | D:7      | Found a basalt altar of Yredelemnul.
  7348 | D:7      | Found Otohiefo's Weapon Boutique.
  7497 | D:8      | Found a staircase to the Lair.
  7531 | D:8      | Reached skill level 5 in Dodging
  7794 | D:8      | Noticed Erica
  7815 | D:8      | Reached ***** piety under Okawaru
  7816 | D:8      | Reached skill level 8 in Maces & Flails
  7820 | D:8      | Killed Erica
  7973 | D:8      | Found a sacrificial altar of Ru.
  8112 | D:8      | Found a runed translucent door.
  8113 | D:8      | Noticed Leeroy's ghost (novice MfMo)
  8567 | D:8      | Reached XP level 11. HP: 72/84 MP: 16/16
  8807 | D:8      | Killed Leeroy's ghost
  9146 | D:9      | Noticed a cyan ugly thing
  9165 | D:9      | Killed a cyan ugly thing
  9165 | D:9      | Reached ****** piety under Okawaru
  9166 | D:9      | Reached skill level 9 in Maces & Flails
  9199 | D:9      | Identified the +1 pair of boots "Plog" {Harm} (Okawaru
                  | gifted it to you on level 9 of the Dungeon)
  9199 | D:9      | Received a gift from Okawaru
  9334 | D:9      | Noticed a two-headed ogre
  9340 | D:9      | Killed a two-headed ogre
  9763 | D:9      | Found a hazy altar of Hepliaklqana.
  9764 | D:9      | Found a faded altar of an unknown god.
  9932 | D:10     | Entered Level 10 of the Dungeon
  9955 | D:10     | You fall into a shaft and drop 2 floors!
  9981 | D:12     | Noticed a two-headed ogre
  9988 | D:12     | Killed a two-headed ogre
  9993 | D:12     | Noticed Snorg
 10018 | D:12     | Mangled by Snorg

Illustrated notes

Levels and vault maps discovered:
D:1:      denvon_arrival_planthouse, layout_basic, serial_shops,
          nicolae_shop_behind_doors
D:2:      minmay_alternating_diamond, layout_loops_ring,
          ebering_ecumenical_altar_abandoned, basic_altar, grunt_ministairs_9,
          minmay_joined_circles
D:3:      layout_basic, guppyfry_early_lair_pool, uniq_sigmund
D:4:      minmay_polygon_palace, layout_basic, kennysheep_mini_moat,
          kennysheep_nub, nicolae_shop_vocational
D:5:      layout_loops_corners, vehumet_altar_wand_db, dreamdust_wishing_well,
          uniq_edmund, uniq_pikel, uniq_duvessa
D:6:      layout_loops_ring, minitemple, trog_book
D:7:      layout_basic, mainiacjoe_overflow_alcove_2,
          minmay_temple_entry_slanted, serial_shops,
          nicolae_shop_bloodbath_and_beyond, minmay_circle_x
D:8:      layout_basic, nicolae_ru_awakened_eye, minmay_lair_entry_grove,
          ebering_ghost_inner_flame, uniq_erica
D:9:      layout_roguey, beargit_hepliaklqana_dungeon_heroes, minmay_bent
D:10:     layout_loops_ring, serial_demonic, serial_demonic_c, serial_demonic_f,
          serial_demonic_c, serial_demonic_d
D:12:     layout_basic, orc_0_dummy, ashenzari_conservatory_becter, uniq_sonja,
          uniq_nessos, uniq_snorg

Skill      XL: |  1  2  3  4  5  6  7  8  9 10 11 |
---------------+----------------------------------+-----
Maces & Flails | 2 3 4 5 6 7 8 9 |  9.5
Armour         | 3 4 5 6 7 |  7.0
Shields        | 3 4 5 6 7 |  7.2
Dodging        | 1 2 3 4 5 6 |  6.5
Fighting       | 4 5 6 7 |  7.9
Invocations    | 1 2 4 6 7 8 |  8.6

Action                     |  1- 3 |  4- 6 |  7- 9 | 10-12 || total
---------------------------+-------+-------+-------+-------++-------
  Melee: Flail             |   121 |   215 |   325 |   363 ||  1024
         Unarmed           |       |       |     9 |       ||     9
 Invoke: Heroism           |       |       |       |     2 ||     2
  Evoke: Wand              |       |       |       |     1 ||     1
    Use: Potion            |       |     4 |     2 |     2 ||     8
         Scroll            |       |     7 |     7 |     4 ||    18
 Armour: Scale mail        |    55 |    76 |    48 |       ||   179
         Skin              |       |       |     4 |       ||     4
         Chain mail        |       |       |    76 |    79 ||   155
         Plate armour      |       |       |       |    39 ||    39
  Dodge: Dodged            |    56 |    78 |   113 |    70 ||   317
  Block: Buckler           |    32 |   117 |   160 |   170 ||   479
         Reflection        |       |       |     3 |     5 ||     8

Table legend: (Time is in decaauts)
 A = Elapsed time spent in this place.
 B = Non-inter-level travel time spent in this place.
 C = Inter-level travel time spent in this place.
 D = Time resting spent in this place.
 E = Time spent auto-exploring this place.
 F = Levels seen in this place.
 G = Mean time per level.
                   A        B        C        D        E       F      G
               +--------+--------+--------+--------+--------+-----+--------+
         Total |  10075 |   9799 |    276 |   1881 |   5862 |  11 |  915.9 |
       Dungeon |  10075 |   9799 |    276 |   1881 |   5862 |  11 |  915.9 |
               +--------+--------+--------+--------+--------+-----+--------+

Top non-repeatable levels by time:
     D:4: 1501 daAuts
     D:8: 1399 daAuts
     D:6: 1208 daAuts
     D:2: 1091 daAuts
     D:1: 1061 daAuts
     D:5: 1055 daAuts
     D:3: 969 daAuts
     D:9: 937 daAuts
     D:7: 778 daAuts
    D:12: 49 daAuts
    D:10: 22 daAuts
